 Dungeon Crawl Stone Soup version 0.29-a0-222-g5b244fca1f (webtiles) character file.

Game seed: 10087219692964234239

149 siradein the Skirmisher (level 5, -4/47 HPs)
             Began as a Ghoul Fighter on Feb 28, 2022.
             Slain by Sigmund
             ... wielding a +0 scythe
              (7 damage)
             ... on level 3 of the Dungeon.
             The game lasted 00:04:48 (2567 turns).

siradein the Skirmisher (Ghoul Fighter)             Turns: 2567, Time: 00:04:48

Health: -4/47      AC:  8    Str: 20    XL:     5   Next: 31%
Magic:  4/4        EV: 10    Int:  3    God:
Gold:   139        SH:  4    Dex: 10    Spells: 4/4 levels left

rFire   . . .      SeeInvis .   a - +0 long sword
rCold   + . .      Faith    .   c - +0 buckler
rNeg    + + +      Spirit   .   h - +3 leather armour
rPois   ∞          Reflect  .   n - +1 hat
rElec   .          Harm     .   (no cloak)
rCorr   .          Rampage  .   (no gloves)
Will    .....                   m - +0 pair of boots
Stlth   +.........              (no amulet)
HPRegen 0.00/turn               (no ring)
MPRegen 0.09/turn               (no ring)

@: mighty, inhibited regen
A: claws 1, cold resistance 1, negative energy resistance 3, inhibited
regeneration, torment resistance 2
a: no special abilities


You were on level 3 of the Dungeon.
You visited 1 branch of the dungeon, and saw 3 of its levels.

You collected 139 gold pieces.

Inventory:

Hand Weapons
 a - a +0 long sword (weapon)
Armour
 c - a +0 buckler (worn)
 h - a +3 leather armour (worn)
 m - a +0 pair of boots (worn)
 n - a +1 hat (worn)
Scrolls
 b - a scroll of torment {unknown}
 e - 2 scrolls of teleportation {unknown}
 f - a scroll of blinking {unknown}
 g - 2 scrolls of identify {unknown}
 i - a scroll of fear {unknown}
Potions
 d - a potion of might
 j - a potion of heal wounds {unknown}
 k - 3 potions of lignification {unknown}
 l - a potion of brilliance {unknown}
 o - a potion of haste {unknown}


   Skills:
 + Level 4.3 Fighting
 + Level 2.8 Long Blades
 + Level 3.5 Armour
 + Level 3.4 Shields


You had 4 spell levels left.
You didn't know any spells.
Your spell library was empty.

Dungeon Overview and Level Annotations

Branches:
Dungeon (3/15)

Altars:

Annotations:
D:3 Sigmund


Innate Abilities, Weirdness & Mutations

You thrive by killing the living.
You are immune to poison.
You have sharp fingernails.
Your flesh is cold resistant. (rC+)
You are immune to negative energy. (rN+++)
You do not regenerate when monsters are visible.
You are immune to unholy pain and torment.


Message History

Sigmund hits you but does no damage.
The goblin shoots a sling bullet.
The sling bullet barely misses you.
Sigmund hits you from afar with a +0 scythe.
You bump into the rock wall.
Sigmund misses you.
The goblin shoots a sling bullet.
The sling bullet barely misses you.
You feel less confused.
You feel very mighty all of a sudden.
Sigmund casts a spell.
Sigmund flickers and vanishes!
Deactivating autopickup; reactivate with Ctrl-A.
The goblin shoots a sling bullet.
The sling bullet closely misses you. Something hits you!
The goblin unwields a +0 hunting sling.
The goblin wields a +0 dagger.
The goblin hits you but does no damage.
You slash the goblin!
You kill the goblin!
Something hits you but does no damage. Something hits you.
Things that are here:
a +0 dagger; a +0 hunting sling You miss something.
Something hits you but does no damage.
You barely miss something. You closely miss something. Something hits you!
* * * LOW HITPOINT WARNING * * *
You closely miss something. Something hits you but does no damage.
You slash something! Something hits you.
* * * LOW HITPOINT WARNING * * *
You completely miss something. You block something's attack.
You miss something. Something hits you but does no damage.
You barely miss something.
You hear some strange, mumbled words.
A magic dart appears from out of thin air!
The magic dart hits you.
* * * LOW HITPOINT WARNING * * *
You slash something!
You hear some strange, mumbled words.
A magic dart appears from out of thin air!
The magic dart hits you.
* * * LOW HITPOINT WARNING * * *
You barely miss something. Something hits you!
You die...

........>...##
............#
...........#
#........#
############......#
g.................#
#.#.#....#......#
#........########
#....{@..#
##.####.## ## ###


There were no monsters in sight!

Vanquished Creatures
  Jessica (D:2)
  Natasha (D:3)
  3 adders (D:2)
  2 worms
  2 dart slugs
  2 endoplasms
  2 giant cockroaches (D:1)
  7 goblins
  9 hobgoblins
  4 jackals (D:1)
  4 quokkas
  6 ball pythons
  6 bats
  4 frilled lizards
  3 kobolds
  2 rats (D:1)
58 creatures vanquished.

Vanquished Creatures (others)
  A fungus (D:3)
1 creature vanquished.

Grand Total: 59 creatures vanquished

Notes
Turn   | Place    | Note
-------+----------+-------------------------------------------
     0 | D:1      | siradein the Ghoul Fighter began the quest for the Orb.
     0 | D:1      | Reached XP level 1. HP: 19/19 MP: 0/0
     6 | D:1      | Found a faded altar of an unknown god.
   239 | D:1      | Reached XP level 2. HP: 26/26 MP: 1/1
   822 | D:1      | Reached XP level 3. HP: 31/31 MP: 2/2
  1558 | D:2      | Reached XP level 4. HP: 35/40 MP: 3/3
  1645 | D:2      | Reached skill level 4 in Fighting
  1967 | D:2      | Noticed Jessica
  1980 | D:2      | Killed Jessica
  2359 | D:3      | Reached XP level 5. HP: 46/46 MP: 4/4
  2369 | D:3      | Noticed Natasha
  2375 | D:3      | Killed Natasha
  2540 | D:3      | Noticed Sigmund
  2567 | D:3      | Slain by Sigmund

Illustrated notes

Levels and vault maps discovered:
D:1:      dpeg_arrival_line_fractal, layout_basic,
          shapermc_ecumenical_altar_venn, minmay_bisected
D:2:      layout_basic, kennysheep_jessica_study
D:3:      layout_loops_cross, minmay_misc_feat_rugged, uniq_crazy_yiuf_cottage,
          uniq_natasha, uniq_sigmund

Skill      XL: |  1  2  3  4 |
---------------+-------------+-----
Long Blades    | 2 |  2.8
Armour         | 3 |  3.5
Shields        | 3 |  3.4
Fighting       | 4 |  4.3

Action                   |  1- 3 |  4- 6 || total
-------------------------+-------+-------++-------
Melee: Long sword        |   140 |    74 ||   214
  Use: Potion            |       |     1 ||     1
Armor: Scale mail        |    15 |       ||    15
       Leather armour    |    74 |    27 ||   101
Dodge: Dodged            |    97 |    31 ||   128
Block: Buckler           |    34 |     9 ||    43

Table legend: (Time is in decaauts)
 A = Elapsed time spent in this place.
 B = Non-inter-level travel time spent in this place.
 C = Inter-level travel time spent in this place.
 D = Time resting spent in this place.
 E = Time spent auto-exploring this place.
 F = Levels seen in this place.
 G = Mean time per level.
                   A        B        C        D        E       F      G
               +--------+--------+--------+--------+--------+-----+--------+
         Total |   2636 |   2516 |    120 |      0 |   1968 |   3 |  878.7 |
       Dungeon |   2636 |   2516 |    120 |      0 |   1968 |   3 |  878.7 |
               +--------+--------+--------+--------+--------+-----+--------+

Top non-repeatable levels by time:
     D:1: 1245 daAuts
     D:2: 1168 daAuts
     D:3: 222 daAuts
